 Dungeon Crawl Stone Soup version 0.31-a0-1499-ge0622b2318 (webtiles) character file.

Game seed: 7438184970530334544

1481 Persephone the Severer (level 8, 0/67 HPs)
             Began as a Hill Orc Fighter on Dec 29, 2023.
             Was an Initiate of Yredelemnul.
             Constricted to death by Pikel (9 damage)
             ... on level 6 of the Dungeon.
             The game lasted 00:07:34 (4395 turns).

Persephone the Severer (Hill Orc Fighter)           Turns: 4395, Time: 00:07:35

Health: 0/67       AC: 12    Str: 21    XL:     8   Next: 79%
Magic:  8/8        EV:  5    Int:  8    God:    Yredelemnul [......]
Gold:   321        SH:  4    Dex: 10    Spells: 7/7 levels left

rFire   + . .        a - +0 war axe
rCold   . . .        c - +0 buckler
rNeg    . . .        t - +2 chain mail {rF+}
rPois   .            (no helmet)
rElec   .            e - +0 cloak
rCorr   .            (no gloves)
SInv    .            (no boots)
Will    .....        n - amulet of the acrobat Stlth
                     (no ring)
HPRegen 0.31/turn    (no ring)
MPRegen 0.11/turn

%: acrobat
@: grasped by roots, constricted
A: no striking features
a: Renounce Religion, Recall Undead Harvest


You were on level 6 of the Dungeon.
You worshipped Yredelemnul.
Yredelemnul was noncommittal.
You visited 2 branches of the dungeon, and saw 7 of its levels.

You collected 321 gold pieces.

Inventory:

Hand Weapons
 a - a +0 war axe (weapon)
Armour
 c - a +0 buckler (worn)
 e - a +0 cloak (worn)
 t - a +2 chain mail of fire resistance (worn)
Jewellery
 n - an amulet of the acrobat (around neck)
Wands
 r - a wand of roots (8)
Scrolls
 f - 3 scrolls of fear
 i - 3 scrolls of fog
 k - 2 scrolls of noise
 l - a scroll of enchant weapon
 p - 2 scrolls of teleportation
 q - a scroll of poison
Potions
 d - 2 potions of might
 h - 3 potions of curing
 j - a potion of cancellation
 o - a potion of attraction


   Skills:
 + Level 4.9 Fighting
 - Level 19.1 Axes
 + Level 4.5 Armour
 + Level 4.4 Shields


You had 7 spell levels left.
You didn't know any spells.
Your spell library contained the following spells:

 Spells                   Type           Power      Damage    Failure   Level
 Magic Dart               Conj           0%         1d3       98%         1
 Shock                    Conj/Air       0%         1d3       98%         1
 Blink                    Tloc           0%         N/A       99%         2
 Call Imp                 Summ           0%         N/A       99%         2
 Searing Ray              Conj           0%         2d4       99%         2
 Swiftness                Air            0%         N/A       100%        3
 Airstrike                Air            0%         2d(0-16)  100%        4
 Fulminant Prism          Conj/Alch      0%         3d5       100%        4


Dungeon Overview and Level Annotations

Branches:
Dungeon (6/15)             Temple (1/1) D:4

Altars:
Cheibriados
Elyvilon
Fedhas
Hepliaklqana
Okawaru
Qazlal
Ru
Sif Muna
Trog
Uskayaw
Wu Jian
Yredelemnul
Zin
The Shining One

Annotations:
D:6 Pikel


Message History

The grasping roots constrict you.
You hear an angry hiss.
You hit Pikel.
Pikel is severely wounded.
You closely miss the lemure. You barely miss the lemure.
You completely miss the lemure. The lemure barely misses you.
The lemure hits you. The lemure hits you but does no damage.
Pikel hits you but does no damage. The grasping roots constrict you.
You hit Pikel.
Pikel is severely wounded.
You hit the lemure. You slash the lemure! You hit the lemure.
The lemure barely misses you.
Pikel hits you with a +1 whip of flaming.
The grasping roots constrict you. The lemure hits you but does no damage.
You block the lemure's attack.
You hit Pikel.
Pikel is almost dead.
You hit the lemure but do no damage. x2; You closely miss the lemure.
You closely miss Pikel.
Pikel is almost dead.
You closely miss the lemure. You barely miss the lemure.
You closely miss the lemure. You block the lemure's attack.
The lemure hits you but does no damage. x2; Pikel hits you but does no damage.
The grasping roots constrict you.
You barely miss Pikel.
Pikel is almost dead.
You hit the lemure. You barely miss the lemure. You slash the lemure!
The lemure hits you.
* * * LOW HITPOINT WARNING * * *
The lemure hits you.
* * * LOW HITPOINT WARNING * * *
The lemure hits you but does no damage.
Pikel hits you with a +1 whip of flaming.
* * * LOW HITPOINT WARNING * * *
Pikel burns you.
* * * LOW HITPOINT WARNING * * *
The grasping roots constrict you!
You die...
Pikel says, "Another soul for the market."
Your body rises from the dead as a mindless zombie.

......< .......
....... .......
....... #....##
#..#.<######
#..>.......#
........5@##)#
........55K.....#
#.......(..#....#
#..........# ...#
#..........# ###
#<.........#
#........##
........#


You could see Pikel and 3 lemures.

Vanquished Creatures
  Sigmund (D:2)
  An orc warrior (D:4)
  An ogre (D:5)
  An ice beast (D:5)
  A lemure (D:6)
  A phantom (D:4)
  A kobold brigand (D:4)
  A scorpion (D:5)
  3 hounds
  3 orc priests (D:4)
  3 bombardier beetles
  A jelly (D:5)
  A sleepcap (D:4)
  An iguana (D:4)
  Ijyb (D:5)
  A hound skeleton (D:3)
  4 adders
  A ribbon worm (D:2)
  A shadow imp (D:5)
  3 adder skeletons (D:3)
  2 dart slugs
  12 orcs
  4 bats
  9 endoplasms
  3 giant cockroaches
  8 goblins
  5 hobgoblins
  4 jackals (D:2)
  25 kobolds
  5 quokkas
  5 ball pythons
  A ball python skeleton (D:3)
  5 frilled lizards
  A jackal skeleton (D:3)
  8 rats
128 creatures vanquished.

Vanquished Creatures (others)
  An iguana zombie (D:4)
  An adder zombie (D:5)
  A jelly zombie (D:5)
  6 kobold zombies (D:4)
  2 orc zombies
11 creatures vanquished.

Grand Total: 139 creatures vanquished

Notes
Turn   | Place    | Note
-------+----------+-------------------------------------------
     0 | D:1      | Persephone the Hill Orc Fighter began the quest for the
                  | Orb.
     0 | D:1      | Reached XP level 1. HP: 19/19 MP: 1/1
    19 | D:1      | Reached skill level 3 in Axes
   118 | D:1      | Reached XP level 2. HP: 26/26 MP: 2/2
   183 | D:1      | Reached skill level 4 in Axes
   401 | D:1      | Reached XP level 3. HP: 15/31 MP: 3/3
   864 | D:2      | Reached skill level 5 in Axes
   915 | D:2      | Noticed Sigmund
   937 | D:2      | Reached skill level 14 in Axes
   937 | D:2      | Reached XP level 4. HP: 2/39 MP: 4/4
   939 | D:2      | Killed Sigmund
   940 | D:2      | Reached XP level 5. HP: 4/45 MP: 5/5
   940 | D:2      | Reached XP level 6. HP: 4/51 MP: 6/6
   940 | D:2      | Reached skill level 19 in Axes
   940 | D:2      | Reached XP level 7. HP: 5/57 MP: 7/7
  2605 | D:4      | Reached XP level 8. HP: 43/66 MP: 8/8
  2688 | D:4      | Found a staircase to the Ecumenical Temple.
  2716 | Temple   | Entered the Ecumenical Temple
  2731 | Temple   | Became a worshipper of Yredelemnul the Dark
  3018 | D:4      | Identified the +1 scale mail of the Trees {*Slow rPois
                  | MP+9}
  3153 | D:4      | Reached * piety under Yredelemnul
  3202 | D:4      | Reached ** piety under Yredelemnul
  3618 | D:5      | Entered Level 5 of the Dungeon
  4049 | D:5      | Noticed Ijyb
  4057 | D:5      | Killed Ijyb
  4381 | D:6      | Noticed Pikel
  4395 | D:6      | Constricted to death by Pikel

Illustrated notes

Levels and vault maps discovered:
D:1:      dpeg_arrival_long_road, layout_rooms
D:2:      layout_loops_ring, minmay_tetromino_s4, uniq_sigmund
D:3:      cheibrodos_old_hovel, layout_loops_ring, serial_undead,
          serial_undead_b, serial_undead_c, serial_undead_d, serial_undead_c,
          minmay_fractal_squares_gapless_5
D:4:      kennysheep_kobold_camp, layout_basic, minmay_temple_entry_nine_rooms
D:5:      minmay_inner_zag, layout_rooms, minmay_holes, uniq_ijyb
D:6:      hangedman_cross_stitches, layout_rooms, grunt_temple_overflow_diamond,
          lemuel_coloured_pillars_altar, serial_bayou_crossing, uniq_pikel
Temple:   nicolae_temple_bog_church

Skill      XL: |  1  2  3  4  5  6  7  8 |
---------------+-------------------------+-----
Axes           | 3 4 14 19 | 19.1
Fighting       | 4 |  4.9
Armour         | 4 |  4.5
Shields        | 4 |  4.4

Action                     |  1- 3 |  4- 6 |  7- 9 || total
---------------------------+-------+-------+-------++-------
  Melee: War axe           |    85 |     1 |   289 ||   375
    Use: Potion            |     2 |     2 |       ||     4
         Scroll            |       |       |    11 ||    11
   Stab: Distracted        |       |       |     1 ||     1
 Armour: Scale mail        |    55 |     1 |    28 ||    84
         Chain mail        |       |       |    81 ||    81
  Dodge: Dodged            |    51 |       |    81 ||   132
  Block: Buckler           |    10 |       |    34 ||    44

Table legend: (Time is in decaauts)
 A = Elapsed time spent in this place.
 B = Non-inter-level travel time spent in this place.
 C = Inter-level travel time spent in this place.
 D = Time resting spent in this place.
 E = Time spent auto-exploring this place.
 F = Levels seen in this place.
 G = Mean time per level.
                   A        B        C        D        E       F      G
               +--------+--------+--------+--------+--------+-----+--------+
         Total |   4344 |   4152 |    192 |      0 |   3439 |   7 |  620.6 |
       Dungeon |   4317 |   4151 |    166 |      0 |   3439 |   6 |  719.5 |
        Temple |     27 |      1 |     26 |      0 |      0 |   1 |   27.0 |
               +--------+--------+--------+--------+--------+-----+--------+

Top non-repeatable levels by time:
     D:4: 1223 daAuts
     D:2: 1002 daAuts
     D:5: 748 daAuts
     D:3: 689 daAuts
     D:1: 641 daAuts
  Temple: 27 daAuts
     D:6: 11 daAuts
